[Event "*** Titled Tuesday Blitz"]
[Site "Chess.com"]
[Date "2020.12.29"]
[Round "2"]
[White "googlegoom"]
[Black "leejunhyeok"]
[Result "0-1"]
[WhiteElo "2483"]
[BlackElo "2714"]
[TimeControl "180+1"]
[EndTime "10:17:03 PST"]
[Termination "leejunhyeok won by resignation"]

1. Nf3 d5 2. b3 c5 3. Bb2 Nc6 4. e3 Nf6 5. Be2 g6 6. O-O Bg7 7. d4 cxd4 8. Nxd4 O-O 9. Nd2 Re8 10. c4 Nxd4 11. Bxd4 e5 12. Bb2 Bf5 13. cxd5 Qxd5 14. Nc4 Rad8 15. Nxe5 Qxd1 16. Rfxd1 Rxd1+ 17. Rxd1 Ne4 18. Nc4 Bxb2 19. Nxb2 Nc3 20. Rd2 Nxa2 21. Bf3 b5 22. g4 Be6 23. Bd5 Rd8 24. e4 Nc3 25. f3 Nxd5 26. exd5 Rxd5 27. Rxd5 Bxd5 28. b4 Bxf3 29. g5 Kg7 30. Kf2 Bd5 31. Ke3 h6 32. h4 hxg5 33. hxg5 f6 34. Kf4 Kf7 35. Nd1 Ke6 36. Nc3 Bc6 37.
Ne2 f5 38. Nd4+ Kd5 39. Nf3 Be8 40. Ne5 Kd4 0-1

[Event "*** Titled Tuesday Blitz"]
[Site "Chess.com"]
[Date "2020.12.29"]
[Round "2"]
[White "sergiochess83"]
[Black "Orest_Vovk"]
[Result "1-0"]
[WhiteElo "2796"]
[BlackElo "2524"]
[TimeControl "180+1"]
[EndTime "10:17:05 PST"]
[Termination "sergiochess83 won by resignation"]

1. e4 g5 2. d4 g4 3. Qxg4 d5 4. Qh4 dxe4 5. Qxe4 Nf6 6. Qh4 Nc6 7.
Nf3 Rg8 8. Bg5 Nxd4 9. Nxd4 Rxg5 10. Qxg5 Qxd4 11. Nc3 Ne4 12. Qf4 Bh6 13. Bb5+ c6 14. Qxe4 Bd2+ 15. Kf1 Bxc3 16. Bxc6+ Kf8 17. bxc3 Qxc3 18.
Re1 bxc6 19. Qxe7+ Kg8 20. Qg5+ Kf8 21. Qh6+ 1-0

[Event "*** Titled Tuesday Blitz"]
[Site "Chess.com"]
[Date "2020.12.29"]
[Round "2"]
[White "Alonmindlin"]
[Black "SARGISMV"]
[Result "1-0"]
[WhiteElo "2701"]
[BlackElo "2476"]
[TimeControl "180+1"]
[EndTime "10:17:05 PST"]
[Termination "Alonmindlin won on time"]

1. d4 e6 2. c4 c5 3. e3 Nf6 4. Nc3 d5 5. Nf3 Nc6 6. a3 a6 7. cxd5 exd5 8. Be2 Bf5 9. O-O Rc8 10. dxc5 Bxc5 11.
b4 Ba7 12. Bb2 O-O 13. b5 axb5 14. Nxb5 Bb8 15. Rc1 Be4 16. Ng5 Bg6 17. Bd3 Ne4 18.
Bxe4 dxe4 19. Qxd8 Rfxd8 20. Rfd1 Bf5 21. Rxd8+ Rxd8 22. Nd4 Nxd4 23. Bxd4 h6 24. Nh3 g5 25. Kf1 Rc8 26.
Rb1 Bxh2 27. Rxb7 Rc1+ 28. Ke2 Rc2+ 29. Ke1 Ra2 30. Ra7 Be6 31. a4 Bd6 32. Kf1 Bc4+ 33. Kg1 Rc2 34. f4 exf3 35. gxf3 1-0

[Event "*** Titled Tuesday Blitz"]
[Site "Chess.com"]
[Date "2020.12.29"]
[Round "2"]
[White "vladimirdamjanovic"]
[Black "chessdjw"]
[Result "1-0"]
[WhiteElo "2364"]
[BlackElo "2632"]
[TimeControl "180+1"]
[EndTime "10:17:07 PST"]
[Termination "vladimirdamjanovic won on time"]

1. d4 Nf6 2. Nc3 d5 3. Bf4 c5 4. e3 cxd4 5. exd4 a6 6. Nf3 Nc6 7. Ne5 Bd7 8. g3 Qb6 9. Nxd7 Kxd7 10. Na4 Qa5+ 11. c3 e6 12. a3 Re8 13. b4 Qd8 14. b5 axb5 15. Bxb5 Qa5 16. Qb3 Bd6 17. Bxc6+ Kxc6 18. Bxd6 Kxd6 19. Nc5 Qc7 20. Qb4 Kc6 21. Rb1 b6 22.
Qb5+ Kd6 23. O-O bxc5 24. Qa6+ Kd7 25. Rb7 Rc8 26. dxc5 Ne4 27. Qb5+ Ke7 28. c6 f6 29.
Rb1 Nd6 30. Qc5 Rhd8 31. Rxc7+ Rxc7 32. Rb7 Rc8 33. Ra7 Rxa7 34. Qxa7+ Kf8 35. Qd7 1-0

[Event "*** Titled Tuesday Blitz"]
[Site "Chess.com"]
[Date "2020.12.29"]
[Round "2"]
[White "CM_rui"]
[Black "Smirnov_Pavel"]
[Result "0-1"]
[WhiteElo "2353"]
[BlackElo "2806"]
[TimeControl "180+1"]
[EndTime "10:17:08 PST"]
[Termination "Smirnov_Pavel won by resignation"]

1. e4 c5 2. Nf3 Nc6 3. c4 g6 4. d4 cxd4 5. Nxd4 Bg7 6. Be3 Nf6 7. Nc3 O-O 8. Be2 d6 9. O-O Bd7 10. Rc1 Nxd4 11. Bxd4 Bc6 12. f3 Nd7 13. Bxg7 Kxg7 14. Qd4+ Kg8 15. Kh1 Qb6 16. Qd2 Rac8 17. b3 a5 18. f4 Nc5 19. Qe3 Qb4 20. f5 a4 21.
f6 exf6 22. Qh6 Nxe4 23. Nxe4 Bxe4 24. Rcd1 axb3 25. axb3 Qxb3 26. Rxd6 Qb2 27. Rd2 Qe5 28. Qh4 f5 29. Qf2 Rcd8 30. Ra2 h5 31. h4 Rd7 32. Ra3 Rfd8 33. Rg3 Rd2 34. Rg5 Bc6 35.
Re1 Re8 0-1

[Event "*** Titled Tuesday Blitz"]
[Site "Chess.com"]
[Date "2020.12.29"]
[Round "2"]
[White "novocane"]
[Black "BAS8892"]
[Result "0-1"]
[WhiteElo "2296"]
[BlackElo "2636"]
[TimeControl "180+1"]
[EndTime "10:17:09 PST"]
[Termination "BAS8892 won by checkmate"]

1. d4 d5 2. c4 c6 3. cxd5 cxd5 4. Bf4 Nc6 5. e3 Nf6 6. Nc3 Bg4 7. Qb3 Na5 8. Qa4+ Bd7 9. Qc2 Rc8 10. Bd3 e6 11. h3 a6 12. Nf3 b5 13. a3 Be7 14.
O-O O-O 15. Ne5 Be8 16. Kh1 h6 17. g4 Nc4 18. Rg1 Nd7 19. Nf3 f6 20. Bg3 Bf7 21. h4 e5 22. Bxc4 Rxc4 23. dxe5 fxe5 24. Nxe5 Nxe5 25. Bxe5 Bxh4 26. f4 Re8 27. Bd4 Bf6 28. g5 hxg5 29. Bxf6 Qxf6 30. Rxg5 Rxe3 31. Rag1 Qh6+ 32.
Kg2 Qh3+ 33. Kf2 Qf3# 0-1

[Event "*** Titled Tuesday Blitz"]
[Site "Chess.com"]
[Date "2020.12.29"]
[Round "2"]
[White "Alekseyviktorovich"]
[Black "Dinamo81"]
[Result "0-1"]
[WhiteElo "2334"]
[BlackElo "2663"]
[TimeControl "180+1"]
[EndTime "10:17:09 PST"]
[Termination "Dinamo81 won by checkmate"]

1. e4 c5 2. Nf3 e6 3. d4 cxd4 4. Nxd4 a6 5. Nc3 Qc7 6. Be3 Bb4 7.
Qd2 Nf6 8. f3 d5 9. O-O-O dxe4 10.
a3 Bxc3 11. Qxc3 Qxc3 12. bxc3 exf3 13. gxf3 Bd7 14. Rg1 Nd5 15. Bd2 g6 16. c4 Nb6 17.
Nb3 Na4 18. Be3 Nc6 19. Nc5 Nxc5 20. Bxc5 Rc8 21. Bd6 f6 22. c5 Kf7 23. Bc4 Na5 24. Ba2 Bb5 25. Rd4 Rhe8 26. Re1 Bc6 27. Rh4 h5 28. f4 Bd5 29. Bxd5 exd5 30. Rxe8 Rxe8 31. f5 Re4 32. fxg6+ Kxg6 33. Rh3 Nc4 34. a4 Re1# 0-1

[Event "*** Titled Tuesday Blitz"]
[Site "Chess.com"]
[Date "2020.12.29"]
[Round "2"]
[White "biostatistician"]
[Black "MIJuanReyesRosa"]
[Result "1-0"]
[WhiteElo "2609"]
[BlackElo "2061"]
[TimeControl "180+1"]
[EndTime "10:17:10 PST"]
[Termination "biostatistician won on time"]

1. d4 d5 2. Nf3 c5 3. c4 e6 4.
cxd5 exd5 5. Nc3 Nc6 6. Bg5 f6 7. Bf4 c4 8. e4 dxe4 9. Nxe4 Bb4+ 10. Bd2 Qd5 11. Nc3 Bxc3 12. Bxc3 Bg4 13. Be2 Nge7 14.
h3 Bh5 15. O-O O-O 16. Re1 Rad8 17. a4 a6 18. a5 Bf7 19. Nd2 Nxd4 20. Bxc4 Qd7 21.
Bxf7+ Rxf7 22. Nf3 Nec6 23. Nxd4 Nxd4 24. Qd3 Nc6 25.
Qg3 Qc7 26. Qg4 Rfd7 27. Bxf6 Rf8 28. Bc3 Rdf7 29. Re2 1-0

[Event "*** Titled Tuesday Blitz"]
[Site "Chess.com"]
[Date "2020.12.29"]
[Round "2"]
[White "stasiek18"]
[Black "pirulillo"]
[Result "1-0"]
[WhiteElo "2384"]
[BlackElo "2083"]
[TimeControl "180+1"]
[EndTime "10:17:16 PST"]
[Termination "stasiek18 won by resignation"]

1. e4 c5 2. Nc3 Nc6 3. Nge2 e6 4. d4 cxd4 5. Nxd4 Nf6 6. Ndb5 d6 7. Bf4 e5 8. Bg5 a6 9. Na3 b5 10. Nd5 Be7 11. Bxf6 Bxf6 12. c4 b4 13. Nc2 O-O 14.
g3 a5 15. Bg2 Be6 16. O-O Qd7 17.
Nb6 Qc7 18. Nxa8 Rxa8 19. Ne3 Bd8 20. Rc1 Qe7 21. Nd5 Bxd5 22. cxd5 Nd4 23. f4 Bb6 24. Kh1 exf4 25. gxf4 g6 26. e5 dxe5 27. d6 Qd8 28.
fxe5 Rb8 29. Qg4 Ne6 30. Bd5 Qd7 31. Rf6 Re8 32. Rcf1 Qb5 33. Qc4 Qxc4 34. Bxc4 Bd4 35. Rxf7 Bxe5 36. Re7 Rxe7 37. dxe7 Kg7 38. Bxe6 1-0

[Event "*** Titled Tuesday Blitz"]
[Site "Chess.com"]
[Date "2020.12.29"]
[Round "2"]
[White "BikingBrian"]
[Black "Itk04"]
[Result "1-0"]
[WhiteElo "2271"]
[BlackElo "2485"]
[TimeControl "180+1"]
[EndTime "10:17:17 PST"]
[Termination "BikingBrian won by resignation"]

1. d4 Nf6 2. Bg5 e6 3. Nd2 d5 4.
e3 Nbd7 5. f4 Be7 6. Bd3 c5 7. c3 b6 8. Ngf3 Bb7 9. Ne5 Nxe5 10.
fxe5 Nd7 11. Bxe7 Qxe7 12. Qg4 f5 13. exf6 Nxf6 14. Qh4 e5 15. O-O c4 16. Bg6+ Kd7 17.
Bf5+ Kc7 18. Nf3 e4 19. Ne5 Raf8 20. Bh3 Bc8 21. Bxc8 Kxc8 22. Ng4 Kd7 23. Qg5 h6 24. Nxf6+ Rxf6 25. Qxd5+ Qd6 26. Qxe4 Re8 27. Qg4+ Kd8 28. Qxg7 Rxf1+ 29. Rxf1 Rxe3 30. Rf8+ Re8 31. Rxe8+ Kxe8 32. Qe5+ Qxe5 33. dxe5 Ke7 34. Kf2 Ke6 35. Ke3 Kxe5 36. g4 b5 37. h4 a6 38. a3 a5 39. Kf3 Ke6 40. Ke4 Kd6 41. Kd4 Kc6 42. Ke5 b4 43. axb4 axb4 44. g5 hxg5 45. hxg5 Kb5 46. g6 Ka4 47. cxb4 Kb3 48. Kd4 Kxb2 49. Kxc4 Ka3 1-0

[Event "*** Titled Tuesday Blitz"]
[Site "Chess.com"]
[Date "2020.12.29"]
[Round "2"]
[White "Region_07"]
[Black "Pantata007"]
[Result "1-0"]
[WhiteElo "2476"]
[BlackElo "2293"]
[TimeControl "180+1"]
[EndTime "10:17:17 PST"]
[Termination "Region_07 won on time"]

1. d4 d5 2. Bg5 h6 3. Bf4 c5 4.
e3 Nc6 5. Nf3 Nf6 6. c4 cxd4 7.
exd4 Bg4 8. Nc3 Bxf3 9. gxf3 e6 10. c5 g6 11. Bb5 Bg7 12. Bd6 Nh5 13. Qa4 Rc8 14. O-O-O a6 15. Be2 Bf8 16. Be5 Bg7 17. f4 O-O 18. Bxh5 Nxe5 19. fxe5 gxh5 20. Rhg1 Kh8 21. Rd3 Qh4 22. Qd1 Rg8 23. Rdg3 b6 24. cxb6 Rb8 25. Qd2 Rxb6 26. Rxg7 1-0

[Event "*** Titled Tuesday Blitz"]
[Site "Chess.com"]
[Date "2020.12.29"]
[Round "2"]
[White "AIROPITO7"]
[Black "hansen"]
[Result "0-1"]
[WhiteElo "2568"]
[BlackElo "2898"]
[TimeControl "180+1"]
[EndTime "10:17:18 PST"]
[Termination "hansen won by resignation"]

1. c4 e5 2. Nc3 Nc6 3. g3 Bb4 4. Bg2 Bxc3 5. bxc3 f5 6. d3 Nf6 7. Nf3 O-O 8. O-O d6 9. Rb1 Qe8 10. Ne1 b6 11. Nc2 Bb7 12. Nb4 Nd8 13. Bxb7 Nxb7 14. Bg5 Nc5 15. Bxf6 Rxf6 16. Nd5 Rf7 17. d4 Ne4 18.
Qc2 c6 19. Nb4 Ng5 20. h4 Ne4 21. Kg2 Qe6 22. d5 cxd5 23. cxd5 Qg6 24. Nc6 Raf8 25. e3 f4 26. exf4 exf4 27. Rbe1 fxg3 28. Qxe4 gxf2+ 29. Qxg6 fxe1=N+ 30. Rxe1 hxg6 0-1

[Event "*** Titled Tuesday Blitz"]
[Site "Chess.com"]
[Date "2020.12.29"]
[Round "2"]
[White "baag"]
[Black "jerry_77"]
[Result "1-0"]
[WhiteElo "2726"]
[BlackElo "2496"]
[TimeControl "180+1"]
[EndTime "10:17:18 PST"]
[Termination "baag won by checkmate"]

1. d4 Nf6 2. c4 e6 3. Nc3 Bb4 4. Bd2 O-O 5. e3 d5 6. Nf3 Nbd7 7. a3 Be7 8. cxd5 exd5 9. Bd3 b6 10. O-O c6 11. Rc1 Bb7 12. b4 Re8 13. Ne5 a5 14. b5 c5 15. Nc6 Qc7 16. Nxe7+ Rxe7 17. dxc5 Nxc5 18. Na4 Nfd7 19. Nxc5 Nxc5 20. Bb1 Qd6 21. Bc3 Ne6 22. Qd2 Qxa3 23. Qd3 g6 24. Qd2 Qd6 25. Bf6 Rd7 26. Rfd1 a4 27. e4 a3 28. e5 Qf8 29. Ba2 Ra5 30. Qe2 h6 31. h4 Kh7 32. h5 Nf4 33. Qg4 Bc8 34. Qxf4 Rxb5 35. e6 fxe6 36. hxg6+ Kg8 37. Rxc8 Qxc8 38. Qxh6 Qc4 39. Qh8# 1-0

[Event "*** Titled Tuesday Blitz"]
[Site "Chess.com"]
[Date "2020.12.29"]
[Round "2"]
[White "FlamingPhoenix123"]
[Black "OrtizAnahi2001"]
[Result "1-0"]
[WhiteElo "2580"]
[BlackElo "2293"]
[TimeControl "180+1"]
[EndTime "10:17:18 PST"]
[Termination "FlamingPhoenix123 won by resignation"]

1. e4 e5 2. Nf3 d6 3. d4 exd4 4. Nxd4 Nf6 5. Nc3 Be7 6. Be2 O-O 7. O-O Nc6 8. Be3 Nxd4 9. Bxd4 Be6 10. f4 c6 11. f5 Bd7 12. Qd3 b5 13. Rad1 b4 14. Nb1 Ne8 15. c3 bxc3 16. Nxc3 c5 17. Be3 Bf6 18.
Nd5 Bxb2 19. Rb1 Be5 20. Rb7 a6 21. Qc2 Bb5 22. a4 Bxe2 23. Qxe2 Nf6 24. Bg5 Re8 25.
Bxf6 Bxf6 26. Qg4 Bd4+ 27. Kh1 Qc8 28. Re7 Rf8 29. Qg3 Kh8 30. f6 gxf6 31. Qh4 Rg8 32. Rxf7 Rg7 33. Rxg7 Kxg7 34. Nxf6 Qe6 35. Qxh7+ 1-0

[Event "*** Titled Tuesday Blitz"]
[Site "Chess.com"]
[Date "2020.12.29"]
[Round "2"]
[White "chessmachine14"]
[Black "Ural_bogatyr"]
[Result "0-1"]
[WhiteElo "2242"]
[BlackElo "2452"]
[TimeControl "180+1"]
[EndTime "10:17:18 PST"]
[Termination "Ural_bogatyr won on time"]

1. e4 e5 2. Nf3 Nc6 3. Bb5 Bc5 4. c3 Nf6 5. d4 Bb6 6. O-O O-O 7. Re1 d6 8. Bg5 h6 9. Bh4 Qe7 10. h3 Rd8 11. Qa4 Nb8 12. Bg3 c6 13. Bd3 Nbd7 14. Nbd2 Bc7 15. Nf1 Nf8 16. Ne3 g6 17. Nc4 exd4 18.
e5 dxe5 19. Ncxe5 Be6 20. Nxd4 Nh5 21. Bh2 Qf6 22. Ndf3 Nd7 23. Qc2 Nxe5 24. Nxe5 Nf4 25. Bxf4 Qxf4 26. g3 Qf6 27. Ng4 Bxg4 28. hxg4 Kg7 29.
Be4 Qg5 30. Qe2 Re8 31. Qf3 Re6 32. Rad1 Rf6 33. Qe2 Re8 34. f4 Qc5+ 35. Kg2 Rfe6 36. Qf3 Bb6 37. Re2 f5 38. gxf5 gxf5 0-1

[Event "*** Titled Tuesday Blitz"]
[Site "Chess.com"]
[Date "2020.12.29"]
[Round "2"]
[White "kingofthenil"]
[Black "Mikhail_Golubev"]
[Result "1-0"]
[WhiteElo "2743"]
[BlackElo "2500"]
[TimeControl "180+1"]
[EndTime "10:17:19 PST"]
[Termination "kingofthenil won by resignation"]

1. e4 c5 2. d3 g6 3. g3 Bg7 4. Bg2 Nc6 5. f4 e6 6. Nf3 Nge7 7. O-O O-O 8. c3 d5 9. Na3 dxe4 10.
dxe4 b6 11. Be3 Ba6 12. Rf2 Qc7 13. Qa4 Bd3 14. Nb5 Qd7 15. Rd2 Na5 16. Bf1 c4 17. Bxd3 cxd3 18. Qb4 Nec6 19. Qd6 Qb7 20. Qxd3 Rad8 21.
Nd6 Qb8 22. e5 f6 23. Qe4 fxe5 24. Rad1 exf4 25. Qxe6+ Kh8 26. Bxf4 Qc7 27. Ng5 Rd7 28. Ndf7+ Rdxf7 29. Bxc7 Rxc7 30. Rd7 Rcc8 31. Nf7+ Rxf7 32. Qxf7 Rg8 33. Rc7 Ne5 34. Qe6 1-0

[Event "*** Titled Tuesday Blitz"]
[Site "Chess.com"]
[Date "2020.12.29"]
[Round "2"]
[White "1977Ivan"]
[Black "Moon_stone123"]
[Result "1-0"]
[WhiteElo "2696"]
[BlackElo "2447"]
[TimeControl "180+1"]
[EndTime "10:17:19 PST"]
[Termination "1977Ivan won by resignation"]

1. d4 Nf6 2. c4 g6 3. Nc3 Bg7 4. e4 d6 5. Nf3 O-O 6. Be2 c5 7. O-O cxd4 8. Nxd4 Nc6 9. Be3 Bd7 10. h3 Nxd4 11.
Bxd4 Bc6 12. Qc2 a5 13. Rad1 Nd7 14. Bxg7 Kxg7 15. Bg4 Qc7 16. Bxd7 Bxd7 17. Nd5 Qd8 18. Qc3+ Kg8 19. e5 dxe5 20. Qxe5 Be6 21. Nc7 Qb8 22.
Rfe1 Bxc4 23. Nxa8 Qxa8 24. Qxe7 Bxa2 25. Ra1 Bb3 26. h4 h5 27. Re3 Bd5 28. Qc5 Rc8 29. Qxd5 1-0

[Event "*** Titled Tuesday Blitz"]
[Site "Chess.com"]
[Date "2020.12.29"]
[Round "2"]
[White "SaqoChess_Twitch"]
[Black "Cambek64"]
[Result "0-1"]
[WhiteElo "2453"]
[BlackElo "2302"]
[TimeControl "180+1"]
[EndTime "10:17:20 PST"]
[Termination "Cambek64 won by resignation"]

1. d4 d5 2. c4 c6 3. Nc3 e6 4. e3 f5 5. Nf3 Nd7 6. Be2 Bd6 7.
O-O Ngf6 8. b3 O-O 9. Bb2 Ne4 10. Nxe4 fxe4 11. Ne5 Qg5 12. f4 exf3 13. Rxf3 Rxf3 14. Nxf3 Qxe3+ 15. Kh1 Qh6 16. c5 Bc7 17. Bc1 Bf4 18. Bd3 Nf6 19. Bxf4 Qxf4 20. Qc1 Qxc1+ 21. Rxc1 Bd7 22.
Ne5 Be8 23. g4 Nd7 24. Nxd7 Bxd7 25. Kg2 Rf8 26. Kg3 g5 27. b4 Rf4 28. Rd1 Kg7 29.
Be2 Kf6 30. Bf3 e5 31. dxe5+ Kxe5 32. a3 Rc4 33. Re1+ Kf6 34. Re3 a5 35. bxa5 Rxc5 36. Rb3 Bc8 37. h4 h6 38. hxg5+ hxg5 39. Kf2 Rxa5 40. Ke3 Ra4 41. Be2 b5 42. Rc3 d4+ 0-1

[Event "*** Titled Tuesday Blitz"]
[Site "Chess.com"]
[Date "2020.12.29"]
[Round "2"]
[White "IljaJoke"]
[Black "HrvojeZagreb"]
[Result "1-0"]
[WhiteElo "2443"]
[BlackElo "2228"]
[TimeControl "180+1"]
[EndTime "10:17:21 PST"]
[Termination "IljaJoke won by resignation"]

1. d4 e6 2. c4 f5 3. Nf3 Nf6 4. g3 Be7 5. Bg2 O-O 6. O-O d6 7. Nc3 Ne4 8. Nxe4 fxe4 9. Ne1 d5 10. f3 c5 11. fxe4 Rxf1+ 12. Kxf1 cxd4 13. exd5 e5 14. e3 Bc5 15. exd4 Bxd4 16. Nf3 Qf6 17. Qe2 Bg4 18.
Be3 Nd7 19. Bxd4 exd4 20. Kg1 Nc5 21. b4 d3 22. Qe5 Qxe5 23. Nxe5 Be2 24. bxc5 d2 25.
Bf3 d1=Q+ 26. Rxd1 Bxd1 27. Bxd1 Rc8 28. c6 bxc6 29.
Nxc6 Kf8 30. Bg4 Rc7 31. Kf2 a5 32. Ke3 a4 33. Kd4 g6 34. Kc5 h5 35. Be6 Rb7 36. d6 Ke8 37. d7+ Rxd7 38. Bxd7+ Kxd7 39. Ne5+ Ke6 40. Nxg6 1-0

[Event "*** Titled Tuesday Blitz"]
[Site "Chess.com"]
[Date "2020.12.29"]
[Round "2"]
[White "albi1999"]
[Black "Arjun2002"]
[Result "1-0"]
[WhiteElo "2525"]
[BlackElo "2743"]
[TimeControl "180+1"]
[EndTime "10:17:23 PST"]
[Termination "albi1999 won by resignation"]

1. d4 d5 2. Nf3 Nf6 3. c4 c6 4.
Nc3 e6 5. g3 dxc4 6. Bg2 Nbd7 7.
a4 Bb4 8. O-O O-O 9. Qc2 Qe7 10.
a5 h6 11. Bf4 Nd5 12. Bd2 Bd6 13. Ne4 Bc7 14. Qxc4 e5 15. a6 N7b6 16. axb7 Bxb7 17. Qc2 Nd7 18. dxe5 Nxe5 19. Nc5 Nxf3+ 20. Bxf3 Bb6 21. Rfc1 Rac8 22. Ra4 Ba8 23. Rg4 f5 24. Rc4 Kh8 25. Nd3 Nf6 26. Nf4 Rfd8 27. Ng6+ 1-0

[Event "*** Titled Tuesday Blitz"]
[Site "Chess.com"]
[Date "2020.12.29"]
[Round "2"]
[White "WPWPWP-2015"]
[Black "JoAttack"]
[Result "1-0"]
[WhiteElo "2432"]
[BlackElo "2210"]
[TimeControl "180+1"]
[EndTime "10:17:23 PST"]
[Termination "WPWPWP-2015 won by resignation"]

1. e4 c5 2. Nc3 d6 3. Nf3 Nc6 4.
d4 cxd4 5. Nxd4 Bd7 6. Be2 g6 7.
Be3 Bg7 8. O-O Nf6 9. f4 O-O 10. h3 a6 11. Qd2 Qc7 12. Rae1 e5 13. Nf3 Rad8 14. f5 Bc8 15. Bg5 Ne7 16. Bd3 d5 17. exd5 Nexd5 18. fxg6 hxg6 19. Nxe5 Qc5+ 20. Qf2 Qxf2+ 21.
Rxf2 Nxc3 22. Bxf6 Bxf6 23. Rxf6 Nd5 24. Rff1 Be6 25.
a3 Rd6 26. Nc4 Rc6 27. Ne5 Rd6 28. Ng4 Rfd8 29. Nf6+ Kg7 30. Ne4 Rb6 31. Ng5 Rdd6 32. c4 Rb3 33. cxd5 Rxd3 34. dxe6 1-0

[Event "*** Titled Tuesday Blitz"]
[Site "Chess.com"]
[Date "2020.12.29"]
[Round "2"]
[White "Bigfish1995"]
[Black "stanyga"]
[Result "1-0"]
[WhiteElo "3004"]
[BlackElo "2597"]
[TimeControl "180+1"]
[EndTime "10:17:24 PST"]
[Termination "Bigfish1995 won by resignation"]

1. e4 c5 2. Nf3 e6 3. d4 cxd4 4.
Nxd4 Nc6 5. Nc3 Qc7 6. a3 a6 7. Be3 Nf6 8. f4 d6 9. Qf3 Be7 10. Bd3 Bd7 11. O-O Nxd4 12. Bxd4 Bc6 13. g4 e5 14. fxe5 dxe5 15. Be3 O-O 16. g5 Ne8 17. Bc4 Nd6 18. Bb3 Kh8 19. Qg4 Bd7 20.
Qh5 g6 21. Qh6 Be6 22. Rf3 Qd7 23. Raf1 Rg8 24. Nd5 Nxe4 25. Nxe7 Bxb3 26. cxb3 Rg7 27. Qxg7+ Kxg7 28. Rxf7+ Kh8 29. Nxg6+ hxg6 30. Rxd7 1-0

[Event "*** Titled Tuesday Blitz"]
[Site "Chess.com"]
[Date "2020.12.29"]
[Round "2"]
[White "barbara25"]
[Black "Alexandr_Kholin"]
[Result "0-1"]
[WhiteElo "2275"]
[BlackElo "2551"]
[TimeControl "180+1"]
[EndTime "10:17:24 PST"]
[Termination "Alexandr_Kholin won by resignation"]

1. e4 c6 2. d4 d5 3. f3 e6 4. Nc3 Bb4 5. a3 Ba5 6. Ne2 Nd7 7. Ng3 Ne7 8. Be2 O-O 9. O-O Bc7 10. e5 c5 11. f4 cxd4 12. Na2 Nc6 13. Bd3 f5 14.
exf6 Qxf6 15. f5 Bxg3 16. hxg3 e5 17. Qg4 e4 18. Bb5 Nde5 19. Qh3 Bxf5 20. g4 Nxg4 21. Qg3 Nce5 22. Bf4 Qe6 23. Be2 Rf7 24. Nb4 Raf8 25. Rad1 a5 26. Na2 d3 27. cxd3 exd3 28. Bxg4 Nxg4 29. Nc3 Rf6 30. Na4 Qc6 31. b3 b5 32.
Nb2 Qc5+ 33. Kh1 Qxa3 34. Nxd3 Qxb3 35. Rfe1 Bxd3 36. Rxd3 Qc4 37. Qxg4 Qxd3 38. Re7 Rg6 0-1

[Event "*** Titled Tuesday Blitz"]
[Site "Chess.com"]
[Date "2020.12.29"]
[Round "2"]
[White "J36225"]
[Black "The_filthy"]
[Result "1/2-1/2"]
[WhiteElo "2460"]
[BlackElo "2298"]
[TimeControl "180+1"]
[EndTime "10:17:24 PST"]
[Termination "Game drawn by repetition"]

1. e4 e6 2. d4 d5 3. exd5 exd5 4. Bd3 c6 5. Ne2 Bd6 6. O-O Ne7 7. Bf4 Qc7 8. Qd2 Bg4 9. f3 Bf5 10. Bxd6 Qxd6 11.
Re1 O-O 12. Ng3 Bxd3 13. Qxd3 Nd7 14. c3 c5 15. Nd2 Rfe8 16. dxc5 Nxc5 17. Qe3 Ne6 18. Nb3 a5 19. Rad1 a4 20. Nd4 Nxd4 21. Qxd4 a3 22. b3 Rad8 23. c4 Qb8 24. cxd5 Rxd5 25. Qe3 Rxd1 26. Rxd1 Nf5 27. Qf2 Nxg3 28. hxg3 Qe5 29. Qd4 Qe2 30. Qd2 Qe7 31. Kf2 h6 32.
Re1 Qc5+ 33. Kf1 Rxe1+ 34. Qxe1 Qc2 35. Qe2 Qb1+ 36. Kf2 Qb2 37. g4 g6 38. Kf1 Qc1+ 39. Kf2 Qb2 40. Kf1 Qc1+ 41. Kf2 Qb2 1/2-1/2

[Event "*** Titled Tuesday Blitz"]
[Site "Chess.com"]
[Date "2020.12.29"]
[Round "2"]
[White "Fortitudine"]
[Black "JRenatoMaranhao"]
[Result "1-0"]
[WhiteElo "2364"]
[BlackElo "1895"]
[TimeControl "180+1"]
[EndTime "10:17:24 PST"]
[Termination "Fortitudine won on time"]

1. c4 c6 2. Nf3 d5 3. g3 g6 4. Bg2 Bg7 5. O-O Nf6 6. Qc2 O-O 7. b3 Bf5 8. d3 Na6 9. a3 d4 10. Bb2 c5 11. b4 b6 12. Ne5 Nc7 13. Nd2 Ne6 14. Nb3 Ng4 15. Nc6 Qd6 16. Bc1 g5 17. Bd2 Rac8 18. b5 Rc7 19. a4 h5 20. a5 h4 21. axb6 axb6 22. Ra6 Ne5 23. Rxb6 Nxc6 24. Rxc6 Rxc6 25. bxc6 Be5 26. Qc1 f6 27. Bd5 Kg7 28. Kh1 Bh3 29. Rg1 Kh8 30. f4 gxf4 31. gxf4 Nxf4 32. Qe1 e6 33. Qxh4+ 1-0

[Event "*** Titled Tuesday Blitz"]
[Site "Chess.com"]
[Date "2020.12.29"]
[Round "2"]
[White "Efremov_Vlad"]
[Black "elextranjero00"]
[Result "1/2-1/2"]
[WhiteElo "2275"]
[BlackElo "2616"]
[TimeControl "180+1"]
[EndTime "10:17:25 PST"]
[Termination "Game drawn by agreement"]

1. d4 Nf6 2. c4 e6 3. Nf3 d5 4. Nc3 Bb4 5. Bg5 h6 6. Bxf6 Qxf6 7. e3 O-O 8. Rc1 dxc4 9. Bxc4 c5 10. O-O cxd4 11. Nxd4 Bd7 12. a3 Ba5 13. b4 Bb6 14. Nce2 Rd8 15. Qb3 Nc6 16. Rfd1 Nxd4 17. Nxd4 Be8 18.
Ne2 Rxd1+ 19. Rxd1 Rd8 20. Rxd8 Qxd8 21. Qd3 Qxd3 22. Bxd3 Kf8 23. Kf1 Bc6 24. Nc3 f5 25. Bb5 Bxb5+ 26. Nxb5 Ke7 27. Ke2 a6 28. Nc3 Kd6 29.
Kd3 e5 30. Kc4 Bd8 31. b5 axb5+ 32. Nxb5+ Kc6 33. a4 Be7 1/2-1/2

[Event "*** Titled Tuesday Blitz"]
[Site "Chess.com"]
[Date "2020.12.29"]
[Round "2"]
[White "KyronGriffith"]
[Black "sopo-tereladze"]
[Result "1-0"]
[WhiteElo "2560"]
[BlackElo "2290"]
[TimeControl "180+1"]
[EndTime "10:17:25 PST"]
[Termination "KyronGriffith won by resignation"]

1. e4 Nf6 2. e5 Nd5 3. d4 d6 4.
Nf3 g6 5. Bc4 Nb6 6. Bb3 Bg7 7.
Qe2 O-O 8. O-O Bg4 9. Nbd2 Nc6 10. Qe3 dxe5 11. dxe5 Nd5 12. Qe4 Bxf3 13. Nxf3 Ndb4 14. a3 Na6 15. Be3 e6 16. Rad1 Qe8 17. Ba4 h6 18. b4 Nab8 19. Bc5 Qc8 20. Rd3 Re8 21. Rfd1 Kh7 22. h4 a5 23. b5 Na7 24. h5 Rg8 25.
hxg6+ fxg6 26. c4 Bh8 27. Qf4 Qe8 28. Bxa7 Rxa7 29. b6 Qxa4 30. Ng5+ hxg5 31. Rh3+ 1-0

[Event "*** Titled Tuesday Blitz"]
[Site "Chess.com"]
[Date "2020.12.29"]
[Round "2"]
[White "Parhamov"]
[Black "sakkikuska"]
[Result "1-0"]
[WhiteElo "2939"]
[BlackElo "2358"]
[TimeControl "180+1"]
[EndTime "10:17:26 PST"]
[Termination "Parhamov won by checkmate"]

1. e4 c5 2. Nc3 Nc6 3. Bb5 Nd4 4. Nf3 e6 5. O-O Nxb5 6. Nxb5 a6 7. Nc3 b5 8. d4 cxd4 9. Qxd4 Bb7 10. Bf4 Rc8 11.
a3 Nf6 12. Rfe1 Bc5 13. Qd2 O-O 14. Bd6 Bxd6 15. Qxd6 Ne8 16. Qd3 Nc7 17. Rad1 d5 18. e5 Qe7 19. h4 Rfd8 20. Ne2 Ne8 21. Ng5 g6 22. Nd4 Ng7 23. c3 Rc7 24. Qh3 Rdc8 25. Rd3 Rc4 26. g4 h5 27. Rf3 Rf8 28. Rf6 Ne8 29.
Rf4 Ng7 30. Re3 a5 31. Ref3 hxg4 32. Qxg4 Nf5 33. h5 Rxd4 34. cxd4 Rc8 35. Rh3 Rc1+ 36.
Kh2 Nh6 37. Qg2 Nf5 38. hxg6 fxg6 39. Nf3 Qg7 40. Rg4 Ne7 41. Nh4 Kf7 42. Nxg6 Nxg6 43.
Rf3+ Ke8 44. Rxg6 Qh7+ 45. Rh3 Rc7 46. Rg8+ Kf7 47. Rxh7# 1-0

[Event "*** Titled Tuesday Blitz"]
[Site "Chess.com"]
[Date "2020.12.29"]
[Round "2"]
[White "JoliyRoger"]
[Black "nobodyperfect13"]
[Result "1-0"]
[WhiteElo "2422"]
[BlackElo "2198"]
[TimeControl "180+1"]
[EndTime "10:17:26 PST"]
[Termination "JoliyRoger won by resignation"]

1. Nf3 d5 2. c4 c6 3. e3 Nf6 4. b3 Bf5 5. Bb2 e6 6. Nh4 Bg6 7. Be2 Nbd7 8. O-O Bd6 9. g3 Qe7 10. a3 a5 11. d3 O-O 12. Nd2 e5 13.
Nxg6 hxg6 14. Bf3 Rfe8 15. Bg2 Nc5 16. Qc2 Rad8 17. Rfd1 Ne6 18. Re1 d4 19. exd4 exd4 20. Kf1 Bc5 21. Re2 Qd6 22. Rae1 g5 23. Qc1 g4 24. Re5 Ng5 25. Rxg5 1-0